 Dungeon Crawl Stone Soup version 0.30-a0-462-gd5975efbca (webtiles) character file.

Game seed: 1090534682606923378

401 ryw the Ruffian (level 6, -10/61 HPs)
             Began as a Troll Gladiator on Dec 16, 2022.
             Mangled by a gnoll
             ... wielding a +0 halberd
              (19 damage)
             ... on level 4 of the Dungeon.
             The game lasted 00:03:20 (2379 turns).

ryw the Ruffian (Troll Gladiator)                   Turns: 2379, Time: 00:03:20

Health: -10/61     AC:  4    Str: 25    XL:     6   Next: 54%
Magic:  5/5        EV: 10    Int:  4    God:
Gold:   204        SH:  0    Dex: 11    Spells: 5/5 levels left

rFire   + . .      SeeInvis .      - Unarmed
rCold   + . .      Faith    +    (no shield)
rNeg    . . .      Spirit   .    a - +0 robe
rPois   +          Reflect  .    b - +0 hat
rElec   +          Harm     +    r - scarf {harm}
rCorr   +          Rampage  .    (gloves unavailable)
Will    .....                    (boots unavailable)
Stlth   +.........               f - amulet of faith
HPRegen 1.10/turn                (no ring)
MPRegen 0.09/turn                (no ring)

@: resistant
A: large, unfitting armour, claws 3, regeneration 1, shaggy fur 1, tough skin 1
a: no special abilities


You were on level 4 of the Dungeon.
You visited 1 branch of the dungeon, and saw 4 of its levels.

You collected 204 gold pieces.

Inventory:

Missiles
 c - 3 throwing nets (quivered)
 d - a large rock
Armour
 a - a +0 robe (worn)
 b - a +0 hat (worn)
 r - a scarf of harm (worn)
Jewellery
 f - an amulet of faith (around neck)
Scrolls
 e - a scroll of torment {unknown}
 g - 3 scrolls of identify {unknown}
 i - 2 scrolls of fear {unknown}
 n - 2 scrolls of fog {unknown}
 o - a scroll of enchant armour {unknown}
 p - a scroll of summoning {unknown}
Potions
 j - a potion of attraction {unknown}
 k - a potion of flight {unknown}
 l - a potion of ambrosia {unknown}
 m - a potion of curing {unknown}
 q - a potion of heal wounds


   Skills:
 * Level 3.1 Fighting
 + Level 3.1 Throwing
 + Level 3.3 Dodging
 * Level 5.1 Unarmed Combat


You had 5 spell levels left.
You didn't know any spells.
Your spell library contained the following spells:

 Spells                   Type           Power      Damage    Failure   Level
 Foxfire                  Conj/Fire      0%         2x1d4     50%         1
 Magic Dart               Conj           0%         1d3       50%         1
 Slow                     Hex            0%         N/A       50%         1
 Confusing Touch          Hex            0%         N/A       86%         3
 Summon Guardian Golem    Hex/Summ       0%         N/A       86%         3
 Vampiric Draining        Necr           0%         2d6       86%         3
 Fireball                 Conj/Fire      0%         3d3       100%        5
 Starburst                Conj/Fire      0%         6d3       100%        6
 Orb of Destruction       Conj           0%         9d5       100%        7
 Spellforged Servitor     Conj/Summ      0%         N/A       100%        7


Dungeon Overview and Level Annotations

Branches:
Dungeon (4/15)
 Temple: D:4-7

Altars:
Elyvilon
Nemelex Xobeh
Zin


Innate Abilities, Weirdness & Mutations

You are too large for most types of armour.
You have claws for hands.
Your natural rate of healing is unusually fast.
You are covered in fur. (AC +1)
You have tough skin. (AC +1)


Message History

A gnoll comes into view. It is wielding a +0 flail.
The gnoll shouts!
The gnoll closely misses you.
You scratch the gnoll.
The gnoll is moderately wounded.
The gnoll misses you.
A gnoll comes into view. It is wielding a +0 halberd.
You closely miss the gnoll.
The gnoll is moderately wounded.
The gnoll hits you with a +0 club. The gnoll hits you with a +0 flail!
You claw the gnoll!
You kill the gnoll!
The gnoll hits you with a +0 flail.
The gnoll hits you from afar with a +0 halberd.
You closely miss the adder. The adder closely misses you.
The gnoll hits you with a +0 flail.
The gnoll hits you from afar with a +0 halberd.
The adder bites you but does no damage.
You barely miss the adder. The gnoll misses you. The gnoll closely misses you.
The adder misses you.
You barely miss the adder. The adder bites you.
The gnoll hits you with a +0 flail.
The gnoll hits you from afar with a +0 halberd.
You are too injured to fight recklessly!
You are too injured to fight recklessly!
You are too injured to fight recklessly!
You are too injured to fight recklessly!
You are too injured to fight recklessly!
You miss the adder. The adder barely misses you.
The gnoll hits you with a +0 flail.
The gnoll hits you from afar with a +0 halberd.
The gnoll attacks as you move away! The gnoll hits you with a +0 flail!
* * * LOW HITPOINT WARNING * * *
The adder closely misses you. The adder bites you but does no damage.
There is an open door here.
It was a potion of resistance.
You feel protected. The adder bites you but does no damage.
The adder barely misses you.
The gnoll hits you from afar with a +0 halberd!
You die...

.....# ....># .....#
######.....#
#..........#
#######.........#
#.....#g........#
#.....Sg..).....#
#....@#####.....#
#.........#.....#
#.........#.....+
#.....)†..#.....#
#.........#.....#
######....'.....#.....
#....#.....#.....
#....#.....#.....
#....#.....#.....


You could see 2 gnolls and an adder.

Vanquished Creatures
  A scorpion (D:4)
  A jelly (D:4)
  A hound (D:3)
  3 iguanas
  Natasha (thrice) (D:2)
  2 gnolls (D:4)
  4 adders
  3 dart slugs
  An orc (D:3)
  8 bats
  4 endoplasms
  2 giant cockroaches
  6 goblins
  4 hobgoblins
  7 jackals (D:3)
  3 kobolds (D:1)
  4 quokkas
  6 ball pythons
  5 frilled lizards
  4 rats
72 creatures vanquished.

Notes
Turn   | Place    | Note
-------+----------+-------------------------------------------
     0 | D:1      | ryw the Troll Gladiator began the quest for the Orb.
     0 | D:1      | Reached XP level 1. HP: 19/19 MP: 0/0
   222 | D:1      | Reached XP level 2. HP: 28/28 MP: 1/1
   755 | D:2      | Reached XP level 3. HP: 35/35 MP: 2/2
   812 | D:2      | Found a faded altar of an unknown god.
   819 | D:2      | Got Plato's Volume of Blows and Bruises
   935 | D:2      | Found a white marble altar of Elyvilon.
   937 | D:2      | Noticed Natasha
   939 | D:2      | Killed Natasha
  1003 | D:2      | Reached XP level 4. HP: 42/42 MP: 3/3
  1058 | D:2      | Noticed Natasha
  1064 | D:2      | Killed Natasha
  1065 | D:2      | Reached skill level 4 in Unarmed Combat
  1138 | D:2      | Noticed Natasha
  1144 | D:2      | Killed Natasha
  1395 | D:3      | Reached XP level 5. HP: 50/50 MP: 4/4
  1815 | D:3      | Found a sparkling altar of Nemelex Xobeh.
  1815 | D:3      | Found a glowing silver altar of Zin.
  1845 | D:3      | Identified the +5 dagger "Ruummitz" {vorpal, rPois}
  2278 | D:4      | Reached XP level 6. HP: 59/59 MP: 5/5
  2356 | D:4      | Reached skill level 5 in Unarmed Combat
  2379 | D:4      | Mangled by a gnoll

Illustrated notes

Levels and vault maps discovered:
D:1:      ncdulo_lavacross, layout_loops_ring, minivault_25, minivault_24
D:2:      layout_basic, basic_altar, shapermc_ecumenical_altar_rom_forum,
          nicolae_concentric_dashed_squares_mild, uniq_natasha
D:3:      layout_basic, gammafunk_temple_overflow_pools
D:4:      layout_gridville, trog_ov_bears_minmay, temple_hall, serial_shops,
          kennysheep_mini_moat, uniq_edmund, uniq_ijyb

Skill      XL: |  1  2  3  4  5  6 |
---------------+-------------------+-----
Throwing       | 2 3 |  3.1
Fighting       | 2 3 |  3.1
Unarmed Combat | 4 5 |  5.1
Dodging        | 3 |  3.3

Action                   |  1- 3 |  4- 6 || total
-------------------------+-------+-------++-------
Melee: Unarmed           |    77 |   129 ||   206
       Punch             |       |     2 ||     2
  Use: Potion            |       |     1 ||     1
Armor: Robe              |    25 |    70 ||    95
Dodge: Dodged            |    37 |    94 ||   131

Table legend: (Time is in decaauts)
 A = Elapsed time spent in this place.
 B = Non-inter-level travel time spent in this place.
 C = Inter-level travel time spent in this place.
 D = Time resting spent in this place.
 E = Time spent auto-exploring this place.
 F = Levels seen in this place.
 G = Mean time per level.
                   A        B        C        D        E       F      G
               +--------+--------+--------+--------+--------+-----+--------+
         Total |   2389 |   2293 |     96 |    120 |   1719 |   4 |  597.2 |
       Dungeon |   2389 |   2293 |     96 |    120 |   1719 |   4 |  597.2 |
               +--------+--------+--------+--------+--------+-----+--------+

Top non-repeatable levels by time:
     D:3: 942 daAuts
     D:1: 746 daAuts
     D:2: 551 daAuts
     D:4: 149 daAuts
